 Dungeon Crawl Stone Soup version 0.19.5 (webtiles) character file.

65 Hordtkhen the Ruffian (level 3, -3/36 HPs)
             Began as a Troll Berserker on Apr 15, 2017.
             Was a Believer of Trog.
             Killed from afar by Sigmund (9 damage)
             ... with a magic dart
             ... on level 2 of the Dungeon.
             The game lasted 00:07:23 (1194 turns).

Hordtkhen the Ruffian (Troll Berserker)             Turns: 1194, Time: 00:07:23

Health: -3/36      AC:  7    Str: 25    XL:     3   Next: 92%
Magic:  2/2        EV: 10    Int:  3    God:    Trog [**....]
Gold:   35         SH:  0    Dex: 10    Spells: 0 memorised, 2 levels left

rFire  . . .     SeeInvis .       - Unarmed
rCold  . . .     Gourm    +     m - +2 robe {Archmagi}
rNeg   . . .     Faith    .     (no shield)
rPois  +         Spirit   .     (helmet restricted)
rElec  .         Reflect  .     (no cloak)
rCorr  .         Harm     .     (gloves unavailable)
MR     .....                    (boots unavailable)
Stlth  +.........               (no amulet)
                                (no ring)
                                f - ring of poison resistance

@: no status effects
A: unfitting armour, claws 3, fast metabolism 3, gourmand, regeneration 1,
shaggy fur 1, tough skin 2
a: Berserk, Trog's Hand, Burn Spellbooks, Renounce Religion


You were on level 2 of the Dungeon.
You worshipped Trog.
Trog was pleased with you.
You were not hungry.

You visited 1 branch of the dungeon, and saw 2 of its levels.

You collected 35 gold pieces.

Inventory:

Hand Weapons
 g - a +4 spear
 k - a +0 dagger of electrocution
Missiles
 h - 24 bolts
Armour
 a - a +0 animal skin
 m - a +2 robe of the Archmagi (worn)
Jewellery
 f - a ring of poison resistance (left claw)
Scrolls
 d - 6 scrolls of identify {unknown}
 j - 2 scrolls of fear {unknown}
Potions
 c - a potion of lignification {unknown}
 e - a potion of resistance {unknown}
 i - 2 potions of invisibility {unknown}
 l - a potion of might {unknown}
Comestibles
 b - a bread ration
 n - a chunk of flesh


   Skills:
 + Level 2.9 Fighting
 + Level 2.8 Dodging
 + Level 4.0 Unarmed Combat


You had 2 spell levels left.
You didn't know any spells.

Dungeon Overview and Level Annotations

Branches:
Dungeon (2/15)

Altars:

Annotations:
D:2 Sigmund


Innate Abilities, Weirdness & Mutations

You are too large for most types of armour.
You have claws for hands.
Your metabolism is lightning-fast.
You like to eat raw meat.
Your natural rate of healing is unusually fast.
You are covered in fur. (AC +1)
You have very tough skin. (AC +2)


Message History

You hear some strange, mumbled words.
A puff of flame appears from out of thin air!
The puff of flame misses you.
You closely miss something. Something hits you.
You closely miss something. You miss something. Something hits you!
You scratch something. Something hits you but does no damage.
You closely miss something. You closely miss something. Something hits you.
You miss something. You barely miss something. Something hits you!
A magic dart appears from out of thin air!
The magic dart hits you!
* * * LOW HITPOINT WARNING * * *
A puff of flame appears from out of thin air!
The puff of flame hits you!
* * * LOW HITPOINT WARNING * * *
A magic dart appears from out of thin air!
The magic dart hits you!
You die...

### #.######### ########
#...{...... #......#
#.######### #......# #.#
#.....(# #.# # #......#
#@######### # #......#
#.##......#. # #......#
#........... # #......#
####.####.# # #......# #.#
# #......# #.#
####......#########.######K
..............<..........$.
####......####.####......$.


There were no monsters in sight!

Vanquished Creatures
  Jessica (D:2)
  3 leopard geckos
  6 bats
  A giant cockroach (D:1)
  6 goblins
  8 hobgoblins
  A frilled lizard (D:1)
  5 kobolds
  3 rats (D:1)
34 creatures vanquished.

Notes
Turn   | Place    | Note
-------+----------+-------------------------------------------
     0 | D:1      | Hordtkhen the Troll Berserker began the quest for the Orb.
     0 | D:1      | Reached XP level 1. HP: 22/22 MP: 0/0
    92 | D:1      | Reached XP level 2. HP: 28/29 MP: 1/1
   592 | D:2      | Reached XP level 3. HP: 35/36 MP: 2/2
   710 | D:2      | Reached ** piety under Trog
   983 | D:2      | Noticed Jessica
   986 | D:2      | Killed Jessica
   986 | D:2      | Reached skill level 4 in Unarmed Combat
  1169 | D:2      | Noticed Sigmund
  1194 | D:2      | Killed from afar by Sigmund

Skill      XL: |  1  2  3 |
---------------+----------+-----
Unarmed Combat | 4 |  4.0
Fighting       | |  2.9
Dodging        | |  2.8

Action                   || total
-------------------------++-------
Melee: Unarmed           ||   111
       Punch             ||     2
 Stab: Sleeping          ||     1
  Eat: Bread ration      ||     2
       Chunk             ||     1
Armor: Animal skin       ||    39
       Robe              ||     5
Dodge: Dodged            ||    59
